 Dungeon Crawl Stone Soup version 0.30.0-30-g96aa6591b8 (webtiles) character file.

Game seed: 7686361984423739641

24705 H0rd4k the Covert (level 13, -4/83 HPs)
             Began as an Octopode Artificer on June 28, 2023.
             Was an Initiate of Gozag.
             Slain by a death yak (20 damage)
             ... on level 3 of the Lair of Beasts.
             The game lasted 00:41:12 (16988 turns).

H0rd4k the Covert (Octopode Artificer)             Turns: 16988, Time: 00:41:13

Health: -4/83      AC:  9    Str: 19    XL:     13   Next: 14%
Magic:  22/26      EV: 17    Int: 26    God:    Gozag
Gold:   663        SH:  5    Dex: 15    Spells: 23/31 levels left

rFire   + + .        l - +3 dagger (freeze)
rCold   . . .        (no shield)
rNeg    . . .        (helmet restricted)
rPois   .            g - amulet "Unteresm" {Reflect Harm Int+4 Dex-3 SH+5 Stlth+}
rElec   .            i - +4 ring of protection
rCorr   .            p - ring of protection from fire
SInv    +            H - +6 ring of strength
Will    .....        c - +6 ring of dexterity
Stlth   ++++++++     z - +4 ring of protection
HPRegen 0.33/turn    K - ring "Qul Mikk" {rF+ Int+5 SInv}
MPRegen 0.20/turn    (no ring)
                     (no ring)

%: harm (+30% outgoing, +20% incoming), reflection
@: confusing by touch, gold aura, unable to drink
A: almost no armour, amphibious, 8 rings, camouflage 1, gelatinous body 1,
(nimble swimmer 1), tentacles, inability to drink after injury 1
a: Renounce Religion, Potion Petition, Call Merchant, Bribe Branch


You were on level 3 of the Lair of Beasts.
You worshipped Gozag.
Gozag was pleased with you.
You visited 3 branches of the dungeon, and saw 17 of its levels.

You collected 2518 gold pieces.
You spent 1720 gold pieces at shops.
You paid 135 gold pieces to Gozag.

Inventory:

Hand Weapons
 l - a +3 dagger of freezing (weapon)
 J - a +2 short sword of flaming
Magical Staves
 t - a staff of cold
Jewellery
 c - a +6 ring of dexterity (on tentacle)
 g - the amulet "Unteresm" (around mantle) {Reflect Harm Int+4 Dex-3 SH+5 Stlth+}
   (You bought it in a shop on level 11 of the Dungeon)

   [amulet of reflection]

   It reflects blocked missile attacks.
   Int:       It affects your intelligence (+4).
   Dex:       It affects your dexterity (-3).
   SH:        It affects your SH (+5).
   Harm:      It increases damage dealt and taken.
   Stlth:     It makes you more stealthy.
 i - a +4 ring of protection (left tentacle)
 p - a ring of protection from fire (right tentacle)
 w - an amulet of faith
 x - an amulet of the acrobat
 z - a +4 ring of protection (on tentacle)
 H - a +6 ring of strength (on tentacle)
 K - the ring "Qul Mikk" (on tentacle) {rF+ Int+5 SInv}
   (You bought it in a shop on level 11 of the Dungeon)

   [ring of protection from fire]

   Int:       It affects your intelligence (+5).
   rF:        It protects you from fire.
   SInv:      It lets you see invisible.
Wands
 G - a wand of polymorph (10)
 L - a wand of paralysis (9)
Scrolls
 e - 6 scrolls of enchant armour
 f - 3 scrolls of noise
 h - 2 scrolls of vulnerability
 j - 5 scrolls of identify
 k - a scroll of silence
 n - 5 scrolls of teleportation
 o - 5 scrolls of magic mapping
 r - 4 scrolls of fog
 y - 3 scrolls of amnesia
 E - 2 scrolls of poison
 M - a scroll of blinking
Potions
 a - 2 potions of cancellation
 b - a potion of attraction
 m - a potion of haste
 q - 4 potions of flight
 s - 6 potions of mutation
 u - 2 potions of ambrosia
 v - 9 potions of curing
 B - 4 potions of heal wounds
 F - a potion of lignification
 I - a potion of resistance
 N - a potion of brilliance
Miscellaneous
 d - a phial of floods
 A - a phantom mirror
 C - a lightning rod (4/4)


   Skills:
 + Level 6.1 Fighting
 - Level 6.7 Short Blades
 + Level 0.1 Throwing
 + Level 8.0 Dodging
 + Level 14.3 Stealth
 + Level 1.8 Shields
 + Level 2.1 Unarmed Combat
 * Level 9.7 Spellcasting
 * Level 7.1 Hexes
 + Level 1.7 Translocations
 + Level 3.8 Ice Magic
 + Level 8.1 Evocations


You had 23 spell levels left.
You knew the following spells:

 Your Spells              Type           Power      Damage    Failure   Level
a - Ensorcelled Hibernat  Hex/Ice        82%        N/A       1%          2
b - Confusing Touch       Hex            50%        N/A       1%          3
c - Ozocubu's Armour      Ice            32%        N/A       3%          3

Your spell library contained the following spells:

 Spells                   Type           Power      Damage    Failure   Level
 Apportation              Tloc           42%        N/A       2%          1
 Lesser Beckoning         Tloc           42%        N/A       3%          2
 Kiss of Death            Conj/Necr      48%        2d9       4%          1
 Hailstorm                Conj/Ice       22%        3d7       6%          3
 Passwall                 Tmut/Erth      10%        N/A       7%          2
 Gell's Gravitas          Tloc           21%        N/A       7%          3
 Teleport Other           Tloc           21%        N/A       7%          3
 Swiftness                Air            12%        N/A       14%         3
 Ice Form                 Ice/Tmut       22%        N/A       22%         4
 Summon Mana Viper        Hex/Summ       31%        N/A       30%         5
 Dispel Undead            Necr           12%        3d9       43%         4
 Summon Forest            Summ/Tloc      8%         N/A       67%         5
 Alistair's Intoxication  Tmut/Pois      8%         N/A       78%         5
 Summon Cactus Giant      Summ           6%         N/A       100%        6
 Ozocubu's Refrigeration  Ice            16%        4d11      100%        7
 Simulacrum               Ice/Necr       Unusable   N/A       N/A         6

Dungeon Overview and Level Annotations

Branches:
Dungeon (13/15)            Temple (1/1) D:6            Lair (3/5) D:9
 Shoals (0/4) Lair:2       Spider (0/4) Lair:3          Orc (0/2) D:11
 Vaults: D:13-14

Altars:
Ashenzari
Cheibriados
Dithmenos
Elyvilon
Fedhas
Gozag
Hepliaklqana
Kikubaaqudgha
Makhleb
Nemelex Xobeh
Okawaru
Qazlal
Ru
Sif Muna
Trog
Uskayaw
Vehumet
Wu Jian
Xom
Yredelemnul
Zin
The Shining One
Jiyva

Shops:
D:11 =!:

Annotations:
D:3 1 runed translucent door, exclusion: door, toph's ghost, weakling HOFi
D:5 exclusion: downstairs
D:6 1 runed translucent door, exclusions: door and 2 downstairs, kij's ghost, novice MiBe
D:7 exclusion: upstairs
D:8 3 runed translucent doors, exclusions: 3 doors, downstairs, upstairs and 2 yaks, ymhsbmbesitwf's ghost, journeyman GrFi
D:9 3 runed translucent doors, exclusions: 3 doors and downstairs, crompyre's ghost, novice FeSu
D:13 Rupert
Lair:1 exclusion: downstairs
Lair:3 exclusion: death yak


Innate Abilities, Weirdness & Mutations

You cannot wear most types of armour.
You are amphibious.
You can wear up to eight rings at the same time.
Your skin changes colour to match your surroundings (Stealth+).
Your rubbery body absorbs attacks. (AC +1, EV +1)
((You are camouflaged when in or above water. (Stealth+)))
You have tentacles for arms and can constrict up to eight enemies at once.
You occasionally lose the ability to drink potions when taking damage.


Message History

You strike the helpless death yak from behind!
You impale the death yak!! You freeze the death yak!
Your squeeze misses the death yak.
The death yak is heavily wounded.
You hit the death yak but do no damage. You squeeze the death yak!
The death yak is severely wounded.
The death yak bellows!
You hit the death yak. You freeze the death yak.
The death yak is severely wounded.
You hit the death yak. You freeze the death yak.
The death yak is almost dead.
The death yak barely misses you.
The death yak gores itself!!
The death yak is killed!
Casting: Confusing Touch (safe; 1% risk of failure)
Confirm with . or Enter, or press ? or * to list all spells.
Your tentacles begin to glow red.
You hit the death yak but do no damage. You squeeze the death yak!
The death yak is lightly wounded.
The death yak gores you!
You hit the death yak but do no damage.
You squeeze the death yak, but do no damage.
The death yak is lightly wounded.
You hit the death yak but do no damage.
The death yak is lightly wounded.
The death yak gores you!!
You barely miss the death yak. Your squeeze misses the death yak.
The death yak is lightly wounded.
The death yak gores you!
* * * LOW HITPOINT WARNING * * *
You hit the death yak but do no damage. You squeeze the death yak!
The death yak is moderately wounded.
You hit the death yak but do no damage.
The death yak is moderately wounded.
The death yak gores you but does no damage.
You hit the death yak but do no damage.
The death yak is moderately wounded.
The death yak gores you!
You feel threatened and lose the ability to drink potions!
You die...
Your body crumbles into a pile of gold.

##...............# ....
#.......##....^.# #...
#........#.#.##### #..
##........##.#.##.† ##.
#...........#.#.†...###
#....P.....#.#.#....>#
#..###...#...#.†...##
#...##.P#.#.#.#..†##
#..+Y@..##.#.##.#.#
#..###...#..#..####
##..####P#......# #.##
#....######...^.###+.##
##..#..#####...##......
#P....Y..####†###......
#........Y.#####.......
##..........##.........
#..............Y......


You could see a death yak.

Vanquished Creatures
  Josephine (D:11)
  A boulder beetle (Lair:1)
  A death yak (Lair:3)
  3 two-headed ogres
  5 cyclopes
  2 manticores
  2 black mambas (Lair:2)
  Joseph (D:7)
  3 gargoyles
  2 rime drakes (Lair:2)
  2 cane toads
  2 ice devils (D:12)
  A polar bear (Lair:1)
  A wind drake (Lair:2)
  3 hornets
  5 trolls
  4 dream sheep (Lair:2)
  3 culicivoras (Lair:3)
  3 slime creatures (D:13)
  A vampire (D:10)
  4 wyverns
  4 wraiths
  3 shadows
  2 basilisks
  27 yaks
  Eustachio (D:4)
  2 steam dragons
  A warg (D:11)
  An acid dragon (D:11)
  6 water moccasins
  Duvessa (D:4)
  3 ice beasts (D:6)
  2 sky beasts (D:6)
  3 black bears
  7 orc warriors
  A wolf (Lair:1)
  4 centaurs
  7 bullfrogs
  2 kobold brigands
  A gnoll sergeant (D:8)
  3 scorpions
  Dowan (D:4)
  4 howler monkeys
  9 electric eels
  A jelly (D:6)
  4 orc priests
  3 hounds
  6 iguanas
  A sleepcap (D:5)
  11 orc wizards
  A hound zombie (D:3)
  Robin (D:4)
  8 adders
  7 gnolls
  2 shadow imps
  3 white imps
  4 ufetubi
  An adder zombie (D:3)
  A worm (D:3)
  5 dart slugs
  47 orcs
  5 endoplasms
  3 giant cockroaches
  13 goblins
  7 hobgoblins
  6 jackals
  11 kobolds
  A quokka (D:1)
  5 ball pythons
  5 bats
  3 frilled lizards
  A quokka skeleton (D:3)
  3 rats
314 creatures vanquished.

Vanquished Creatures (collateral kills)
  A phantom (D:6)
  A howler monkey (D:6)
  A hound (D:6)
  An iguana (D:6)
  An ufetubus (D:6)
  2 orcs (D:6)
7 creatures vanquished.

Vanquished Creatures (others)
  An orc warrior (D:6)
  2 adders
  2 orcs (D:9)
5 creatures vanquished.

Grand Total: 326 creatures vanquished

Notes
Turn   | Place    | Note
-------+----------+-------------------------------------------
     0 | D:1      | H0rd4k the Octopode Artificer began the quest for the Orb.
     0 | D:1      | Reached XP level 1. HP: 13/13 MP: 1/1
   201 | D:1      | Reached XP level 2. HP: 12/18 MP: 2/2
   368 | D:1      | Reached skill level 1 in Unarmed Combat
   793 | D:2      | Found a hide-covered altar of Uskayaw.
   868 | D:2      | Reached XP level 3. HP: 23/23 MP: 3/3
   877 | D:2      | Learned a level 2 spell: Lesser Beckoning
  1314 | D:3      | Reached XP level 4. HP: 24/28 MP: 4/4
  1534 | D:3      | Reached skill level 2 in Stealth
  1623 | D:3      | Reached XP level 5. HP: 33/33 MP: 5/5
  1653 | D:3      | Reached skill level 1 in Translocations
  2097 | D:3      | Found a runed translucent door.
  2097 | D:3      | Noticed toph's ghost (weakling HOFi)
  2146 | D:4      | Noticed Duvessa
  2147 | D:4      | Noticed Dowan
  2149 | D:4      | Killed Duvessa
  2150 | D:4      | Reached skill level 1 in Short Blades
  2150 | D:4      | Reached skill level 3 in Stealth
  2150 | D:4      | Reached skill level 1 in Spellcasting
  2150 | D:4      | Reached XP level 6. HP: 38/38 MP: 5/7
  2163 | D:4      | Killed Dowan
  2226 | D:4      | Noticed Eustachio
  2237 | D:4      | Killed Eustachio
  2238 | D:4      | Reached skill level 4 in Stealth
  2238 | D:4      | Reached XP level 7. HP: 32/44 MP: 7/9
  2402 | D:4      | Noticed Robin
  2566 | D:4      | Killed Robin
  2755 | D:4      | Found a shimmering blue altar of Sif Muna.
  2797 | D:5      | Entered Level 5 of the Dungeon
  2816 | D:5      | Reached skill level 5 in Stealth
  2825 | D:5      | Reached XP level 8. HP: 46/51 MP: 11/11
  3023 | D:5      | Found a radiant altar of Vehumet.
  3482 | D:6      | Found a runed translucent door.
  3562 | D:6      | Reached skill level 6 in Stealth
  3890 | D:6      | Reached skill level 5 in Dodging
  4168 | D:6      | Noticed a manticore
  4174 | D:6      | Reached XP level 9. HP: 57/57 MP: 14/14
  4246 | D:6      | Reached skill level 5 in Short Blades
  4718 | D:6      | Reached skill level 7 in Stealth
  4718 | D:6      | Reached skill level 5 in Evocations
  4806 | D:6      | Found a staircase to the Ecumenical Temple.
  4815 | Temple   | Entered the Ecumenical Temple
  4978 | D:7      | Noticed Joseph
  5548 | D:6      | Killed a manticore
  5549 | D:6      | Reached skill level 8 in Stealth
  5680 | D:6      | Noticed kij's ghost (novice MiBe)
  6093 | D:8      | Found a stormy altar of Qazlal.
  6135 | D:8      | Found an iron altar of Okawaru.
  6135 | D:8      | Found a broken altar of Ashenzari.
  6140 | D:8      | Noticed a two-headed ogre
  6142 | D:8      | Killed a two-headed ogre
  6143 | D:8      | Reached skill level 9 in Stealth
  6143 | D:8      | Reached skill level 5 in Spellcasting
  6143 | D:8      | Reached XP level 10. HP: 65/65 MP: 17/17
  6556 | D:8      | Found a runed translucent gate.
  6556 | D:8      | Found a runed translucent gate.
  6558 | D:8      | Found a runed translucent gate.
  6559 | D:8      | Noticed ymhsbmbesitwf's ghost (journeyman GrFi)
  6602 | D:8      | Noticed a two-headed ogre
  6607 | D:8      | Killed a two-headed ogre
  6730 | D:8      | Reached skill level 10 in Stealth
  6837 | D:8      | Found a glowing silver altar of Zin.
  6880 | D:8      | Found an opulent altar of Gozag.
  6902 | D:8      | Became a worshipper of Gozag Ym Sagoz the Greedy
  7256 | D:9      | Found a large runed translucent door.
  7257 | D:9      | Found a large runed translucent door.
  7804 | D:9      | Found a staircase to the Lair.
  7923 | D:9      | Found a runed translucent gate.
  7924 | D:9      | Found a runed translucent gate.
  7925 | D:9      | Found a runed translucent gate.
  7927 | D:9      | Noticed crompyre's ghost (novice FeSu)
  8143 | D:8      | Reached skill level 11 in Stealth
  8513 | D:10     | Entered Level 10 of the Dungeon
  8707 | D:10     | Reached XP level 11. HP: 46/70 MP: 20/20
  8716 | D:11     | Noticed a cyclops
  8716 | D:11     | Noticed a two-headed ogre
  8716 | D:11     | Found a staircase to the Orcish Mines.
  8737 | D:11     | Gained mutation: You occasionally lose the ability to drink
                  | potions when taking damage. [potion of mutation]
  8752 | D:11     | Reached skill level 5 in Fighting
  8916 | D:11     | Noticed a cyclops
  8934 | D:11     | Killed a cyclops
  9044 | D:11     | Learned a level 2 spell: Ensorcelled Hibernation
  9048 | D:11     | Learned a level 3 spell: Confusing Touch
  9154 | D:11     | Found Dofupanwi's Jewellery Shop.
  9412 | D:11     | Found Mishrema's Distillery.
  9416 | D:11     | Bought a potion of heal wounds for 70 gold pieces
  9416 | D:11     | Bought a potion of might for 56 gold pieces
  9447 | D:11     | Found Ahiamac's Book Shop.
  9460 | D:11     | Noticed a cyclops
  9692 | D:10     | Reached skill level 1 in Hexes
  9818 | Lair:1   | Entered Level 1 of the Lair of Beasts
 10284 | Lair:1   | Reached skill level 12 in Stealth
 10661 | Lair:1   | Noticed a boulder beetle
 11059 | D:10     | Reached skill level 1 in Ice Magic
 11239 | D:11     | Noticed a boulder beetle
 11264 | D:11     | Bought the amulet "Unteresm" {Reflect Harm Int+4 Dex-3 SH+5
                  | Stlth+} for 754 gold pieces
 11305 | D:11     | Killed a cyclops
 11689 | D:9      | Found a snail-covered altar of Cheibriados.
 11833 | D:9      | Found a hazy altar of Hepliaklqana.
 12022 | D:8      | Reached XP level 12. HP: 72/78 MP: 16/23
 12270 | D:8      | Found a viscous altar of Jiyva.
 12346 | D:7      | Killed Joseph
 12533 | D:7      | Reached skill level 13 in Stealth
 13272 | D:11     | Killed a two-headed ogre
 13695 | D:11     | Noticed Josephine
 13701 | D:11     | Killed Josephine
 13702 | D:11     | Reached skill level 5 in Hexes
 13702 | D:11     | Found Ucvalil's Distillery.
 13702 | D:11     | Found the +2 ratskin cloak {*Rats rPois rN+ Str-1 Int-1
                  | Dex+1}
 13844 | D:11     | Reached skill level 1 in Shields
 14108 | D:11     | Bought the ring "Qul Mikk" {rF+ Int+5 SInv} for 840 gold
                  | pieces
 14363 | D:11     | Learned a level 3 spell: Ozocubu's Armour
 14427 | D:12     | Found an ancient bone altar of Kikubaaqudgha.
 15110 | D:13     | Noticed Rupert
 15176 | D:13     | Noticed a tengu warrior
 15368 | Lair:1   | Killed a boulder beetle
 15665 | Lair:2   | Found a staircase to the Shoals.
 15823 | Lair:2   | Reached skill level 14 in Stealth
 16055 | Lair:2   | Found an iron altar of Okawaru.
 16214 | Lair:2   | Reached XP level 13. HP: 83/83 MP: 23/26
 16799 | Lair:3   | Found a hole to the Spider Nest.
 16988 | Lair:3   | Slain by a death yak

Illustrated notes

Levels and vault maps discovered:
D:1:      lightli_iron_boxes, layout_basic
D:2:      layout_rooms, basic_altar
D:3:      layout_loops_ring, serial_undead, serial_undead_e, serial_undead_b,
          serial_undead_e, serial_undead_e, ebering_ghost_inner_flame
D:4:      layout_rooms, kennysheep_orc_sif_temple, uniq_duvessa, uniq_eustachio,
          uniq_robin
D:5:      layout_cave_pools, nicolae_vehumet_radiance, nrook_mini_vaults
D:6:      cheibrodos_barr_body, layout_basic, lemuel_temple_firewalk_a,
          ebering_ghost_reflecting_pool, kennysheep_generic_room_11
D:7:      layout_rooms, uniq_joseph
D:8:      layout_basic, pdpol_temple_overflow_zin_treasury_gozag_greed,
          nicolae_qazlal_general_emergency,
          chequers_temple_overflow_statue_of_worship, gammafunk_ghost_ooze
D:9:      layout_rooms, jmf_multi_god_temple2, dpeg_oklobed_lair,
          ebering_ghost_rock_garden, special_room [special_room_orc]
D:10:     layout_basic
D:11:     layout_basic, david_orc_3, serial_bayou, serial_bayou_lagoon_a,
          serial_bayou_pond_b, serial_bayou_pond_b, serial_bayou_crossing,
          serial_shops, nicolae_shop_back_alley_shop,
          nicolae_shop_industrial_runoff, shop, nicolae_shop_back_alley_shop,
          uniq_josephine
D:12:     layout_basic, portal_ice_cave_demonic_guard,
          nicolae_kikubaaqudgha_miasma_corner
D:13:     layout_irregular_city, grunt_vaults_entry_tiered, uniq_sonja,
          uniq_rupert, uniq_snorg
Temple:   dshaligram_water_room_temple
Lair:1:   layout_gridlike, gammafunk_lair_bear_cave, wad_woods_river_01
Lair:2:   layout_hall_layers, minmay_shoals_entry_beasts, basic_altar,
          infiniplex_staircase_pool, grunt_megastairs_5
Lair:3:   layout_regular_city, hellmonk_spider_entry_life_and_decay,
          roderic_batcave, ice2_lemuel

Skill      XL: |  1  2  3  4  5  6  7  8  9 10 11 12 13 |
---------------+----------------------------------------+-----
Unarmed Combat | 1 2 |  2.1
Dodging        | 3 4 5 6 7 8 |  8.0
Evocations     | 4 6 7 8 |  8.1
Stealth        | 2 3 4 5 6 9 11 12 14 | 14.3
Translocations | 1 |  1.7
Short Blades   | 1 2 3 4 6 |  6.7
Spellcasting   | 1 2 3 5 6 7 9 |  9.7
Fighting       | 2 3 4 5 6 |  6.1
Hexes          | 3 6 7 |  7.1
Ice Magic      | 2 3 |  3.8
Shields        | 1 |  1.8
Throwing       | |  0.1

Action                     |  1- 3 |  4- 6 |  7- 9 | 10-12 | 13-15 || total
---------------------------+-------+-------+-------+-------+-------++-------
  Melee: Unarmed           |    66 |       |       |       |       ||    66
         Constrict         |    15 |    18 |    48 |    57 |     3 ||   141
         Tentacles         |    13 |    23 |    63 |   170 |    11 ||   280
         Punch             |     2 |     2 |     4 |    24 |     2 ||    34
         Dagger            |    33 |    62 |   222 |   433 |    34 ||   784
         Short sword       |       |       |       |   150 |       ||   150
  Throw: Throwing net      |       |       |       |     2 |       ||     2
   Cast: Ensorcelled Hiber |       |       |       |    85 |     9 ||    94
         Confusing Touch   |       |       |       |     9 |     3 ||    12
  Evoke: Wand              |       |    11 |    31 |    40 |       ||    82
         Lightning rod     |       |       |       |     4 |       ||     4
         Phial of floods   |       |       |       |     1 |       ||     1
         Phantom mirror    |       |       |       |     1 |       ||     1
    Use: Scroll            |       |       |       |    24 |       ||    24
         Potion            |       |       |       |    13 |       ||    13
   Stab: Sleeping          |     8 |     3 |    12 |    56 |     6 ||    85
         Paralysed         |       |       |     4 |     3 |       ||     7
         Distracted        |       |       |     1 |     6 |       ||     7
         Confused          |       |       |       |     5 |     2 ||     7
 Armour: Skin              |    20 |     5 |    39 |    95 |     3 ||   162
  Dodge: Dodged            |    53 |    40 |   147 |   311 |    13 ||   564
  Block: Other             |       |       |       |    29 |     5 ||    34
         Reflection        |       |       |       |     1 |     1 ||     2
